 Dungeon Crawl Stone Soup version 0.27.1-34-g3ba077fa99 (webtiles) character file.

Game seed: 16445936377710639649

409 Cykl0x the Slasher (level 6, -10/36 HPs)
             Began as a Gargoyle Gladiator on Jan 2, 2022.
             Splashed by Pikel's acid (12 damage)
             ... on level 5 of the Dungeon.
             The game lasted 00:10:56 (4599 turns).

Cykl0x the Slasher (Gargoyle Gladiator)             Turns: 4599, Time: 00:10:56

Health: -10/36     AC: 10    Str: 19    XL:     6   Next: 89%
Magic:  9/9        EV: 11    Int:  9    God:
Gold:   162        SH:  0    Dex: 11    Spells: 7/9 levels left

rFire    . . .     SeeInvis .   a - +0 long sword
rCold    . . .     Faith    .   (no shield)
rNeg     + . .     Spirit   .   g - +0 ring mail
rPois    ∞         Reflect  .   c - +0 helmet
rElec    +         Harm     .   p - +2 cloak
rCorr    .         Rampage  .   (no gloves)
Will     .....                  (no boots)
Stlth    ..........             (no amulet)
HPRegen  0.12/turn              r - ring of flight
MPRegen  0.11/turn              (no ring)

@: silenced, corroded, flying
A: sickness immunity, AC +4, negative energy resistance 1, electricity
resistance, torment resistance 1, petrification resistance
a: no special abilities


You were on level 5 of the Dungeon.
You visited 1 branch of the dungeon, and saw 5 of its levels.

You collected 162 gold pieces.

Inventory:

Hand Weapons
 a - a +0 long sword (weapon)
Missiles
 j - 102 stones (quivered)
 m - a throwing net
Armour
 b - a +0 leather armour
 c - a +0 helmet (worn)
 g - a +0 ring mail (worn)
 p - a +2 cloak (worn)
Jewellery
 n - an amulet of faith
 r - a ring of flight (left hand)
Scrolls
 f - a scroll of teleportation
 i - a scroll of blinking
Potions
 d - a potion of berserk rage {unknown}
 e - a potion of might {unknown}
 h - a potion of flight {unknown}
 k - a potion of lignification {unknown}
 l - a potion of attraction {unknown}
 o - 5 potions of curing
 q - 2 potions of brilliance {unknown}


   Skills:
 + Level 2.9 Fighting
 + Level 4.2 Long Blades
 + Level 2.5 Throwing
 + Level 2.2 Armour
 + Level 2.9 Dodging
 * Level 2.3 Spellcasting
 + Level 0.7 Conjurations
 * Level 1.7 Transmutations


You had 7 spell levels left.
You knew the following spells:

 Your Spells              Type           Power      Damage    Failure   Level
a - Wereblood             Tmut           4%         N/A       36%         2

Your spell library contained the following spells:

 Spells                   Type           Power      Damage    Failure   Level
 Beastly Appendage        Tmut           8%         N/A       26%         1
 Spider Form              Tmut/Pois      1%         N/A       75%         3
 Gell's Gravitas          Tloc           0%         N/A       85%         3
 Lesser Beckoning         Tloc           0%         N/A       85%         3
 Teleport Other           Tloc           1%         N/A       85%         3
 Tukima's Dance           Hex            1%         N/A       85%         3
 Passage of Golubria      Tloc           N/A        N/A       99%         4
 Yara's Violent Unravell  Hex/Tmut       1%         3d3       100%        5


Dungeon Overview and Level Annotations

Branches:
Dungeon (5/15)
 Temple: D:4-7

Altars:

Annotations:
D:5 Grinder, Pikel


Innate Abilities, Weirdness & Mutations

You are immune to sickness and miasma.
Your stone body is resilient. (AC +4)
You are immune to poison.
You resist negative energy. (rN+)
You are resistant to electric shocks. (rElec)
You are resistant to unholy torment.
You are immune to petrification.


Message History

Your ring mail prevents you from hitting the phantom.
The phantom is heavily damaged.
The phantom hits you.
You closely miss the phantom.
The phantom is heavily damaged.
The phantom hits you but does no damage.
The adder skeleton closely misses you.
You riposte.
You closely miss the adder skeleton.
Your ring mail prevents you from hitting the phantom.
The phantom is heavily damaged.
The phantom hits you! The phantom hits you.
The phantom blinks!
You blink.
A lemure comes into view.
You slash the phantom!
The phantom is severely damaged.
The lemure shouts!
You hear a shout!
Pikel the Slaver comes into view.
He is wielding a +1 whip of flaming and carrying a wand of acid (9).
The phantom hits you.
You are too injured to fight recklessly!
You are too injured to fight recklessly!
Unknown command.
As you read the scroll labelled KIXTENA JIHI, it crumbles to dust.
A profound silence engulfs you.
It was a scroll of silence.
A lemure comes into view.
The phantom hits you but does no damage.
The phantom hits you but does no damage.
You closely miss the shadow imp.
The shadow imp hits you but does no damage.
The phantom hits you but does no damage.
Found a stone staircase leading down.
A lemure comes into view.
The shadow imp barely misses you.
You riposte.
You closely miss the shadow imp.
The phantom hits you but does no damage.
The lemure misses you. The shadow imp gestures at you.
Pain shoots through your body!
The adder skeleton bites you but does no damage.
Pikel zaps a wand.
The bolt of acid hits you!
* * * LOW HITPOINT WARNING * * *
The acid corrodes you!
You are splashed with acid!
You die...

...........
............ ...
>.........# ....
#..5......###....
###................
#....K.# #.......#
#....$.# #.......#
#..o.5.####.......#
###.W5@....<......+
#...Z..........#.≈
#..............#
#........#####.#
#...##.........#
#...##.#.......
#...##.#######.
#...##.# #...##.


You could see Pikel, a phantom, 2 lemures, a shadow imp, an orc and an adder
skeleton.

Vanquished Creatures
  A steam dragon (D:3)
  A scorpion (D:4)
  A hound (D:4)
  An orc priest (D:4)
  A bullfrog skeleton (D:3)
  2 hound skeletons (D:4)
  A gnoll (D:4)
  An adder (D:4)
  3 adder skeletons (D:4)
  A worm (D:4)
  2 dart slugs
  4 orcs (D:4)
  3 ball pythons
  8 endoplasms
  6 giant cockroaches
  7 goblins
  7 hobgoblins
  4 kobolds
  4 quokkas
  3 bats
  2 frilled lizards
  A rat (D:2)
64 creatures vanquished.

Vanquished Creatures (collateral kills)
  A dart slug (D:2)
1 creature vanquished.

Vanquished Creatures (others)
  A giant cockroach (D:3)
1 creature vanquished.

Grand Total: 66 creatures vanquished

Notes
Turn   | Place    | Note
-------+----------+-------------------------------------------
     0 | D:1      | Cykl0x the Gargoyle Gladiator began the quest for the Orb.
     0 | D:1      | Reached XP level 1. HP: 12/12 MP: 1/1
   308 | D:1      | Found a faded altar of an unknown god.
   487 | D:1      | Reached XP level 2. HP: 17/17 MP: 2/2
  1135 | D:2      | Reached XP level 3. HP: 21/21 MP: 3/3
  1138 | D:2      | Learned a level 2 spell: Wereblood
  1212 | D:2      | Reached skill level 3 in Long Blades
  1905 | D:3      | Reached skill level 1 in Spellcasting
  1905 | D:3      | Reached XP level 4. HP: 11/27 MP: 3/5
  2113 | D:3      | Reached skill level 1 in Armour
  2546 | D:3      | Noticed a steam dragon
  2555 | D:3      | HP: 1/27 [steam dragon (3)]
  2581 | D:3      | Killed a steam dragon
  2582 | D:3      | Reached skill level 1 in Transmutations
  2582 | D:3      | Reached XP level 5. HP: 30/31 MP: 5/7
  2850 | D:4      | Reached XP level 6. HP: 28/36 MP: 4/8
  3075 | D:4      | Reached skill level 4 in Long Blades
  4165 | D:5      | Entered Level 5 of the Dungeon
  4177 | D:5      | Noticed Grinder
  4186 | D:5      | HP: 1/36 [centaur/arrow (3)]
  4592 | D:5      | Noticed Pikel
  4599 | D:5      | Splashed by Pikel's acid

Illustrated notes

Levels and vault maps discovered:
D:1:      tarquinn_simple_flora_water_e, layout_basic,
          dreamdust_ecumenical_altar_angels_and_demons
D:2:      layout_basic
D:3:      layout_basic
D:4:      layout_gridville, minmay_cupped
D:5:      layout_basic, gammafunk_temple_overflow_statue,
          mainiacjoe_overflow_alcove_1, minmay_temple_entry_water_ring,
          hellmonk_ghost_happy_afterlife, serial_shops,
          nicolae_shop_window_shopping, lightli_minifort, uniq_pikel,
          uniq_grinder, uniq_crazy_yiuf_cottage

Skill      XL: |  1  2  3  4  5  6 |
---------------+-------------------+-----
Throwing       | 2 |  2.5
Long Blades    | 3 4 |  4.2
Spellcasting   | 1 2 |  2.3
Armour         | 1 2 |  2.2
Transmutations | 1 |  1.7
Fighting       | |  2.9
Dodging        | |  2.9
Conjurations   | |  0.7

Action                   |  1- 3 |  4- 6 || total
-------------------------+-------+-------++-------
Melee: Long sword        |    74 |   130 ||   204
Throw: Throwing net      |    12 |       ||    12
       Stone             |     6 |    45 ||    51
 Cast: Wereblood         |       |     3 ||     3
  Use: Scroll            |     7 |     3 ||    10
       Potion            |       |     4 ||     4
Armor: Ring mail         |    45 |    80 ||   125
Dodge: Dodged            |    54 |   109 ||   163
       Rpst.: Long sword |    13 |    30 ||    43
